 Dungeon Crawl Stone Soup version 0.26-a0-365-g11c2b627af (webtiles) character file.

Game seed: 14679945331581779464

22477 fly the Fighter (level 12, -13/174 HPs)
             Began as a Red Draconian Delver on July 19, 2020.
             Was an Elder of the Shining One.
             Mangled by a +6 war axe "Addiedij" {chaos, +Rage Dex+4} (14 damage)
             ... on level 4 of the Lair of Beasts.
             The game lasted 00:30:21 (15027 turns).

fly the Fighter (Red Draconian Delver)             Turns: 15027, Time: 00:30:22

Health: -13/174    AC: 11    Str: 14    XL:     12   Next: 63%
Magic:  19/19      EV: 26    Int: 11    God:    the Shining One [****..]
Gold:   708        SH:  0    Dex: 18    Spells: 17/17 levels left

rFire    + . .     SeeInvis .   a - +6 falchion (elec)
rCold    . . .     Faith    .   (no shield)
rNeg     + + .     Spirit   .   (armour unavailable)
rPois    +         Reflect  .   (helmet restricted)
rElec    .         Harm     .   q - +0 cloak
rCorr    .                      r - +0 pair of gloves
MR       +....                  o - +0 pair of boots
Stlth    ..........             I - amulet of regeneration
HPRegen  0.79/turn              s - ring of poison resistance
MPRegen  0.16/turn              H - ring of protection from magic

@: mighty, agile, berserking, short of breath, hasted and slowed, glowing,
studying Fighting
A: breathe fire, unfitting armour, fire resistance 1, cold-blooded, AC +8
a: Breathe Fire, Divine Shield, Cleansing Flame, Renounce Religion


You were on level 4 of the Lair of Beasts.
You worshipped the Shining One.
The Shining One was greatly pleased with you.
You visited 3 branches of the dungeon, and saw 15 of its levels.

You collected 798 gold pieces.
You spent 90 gold pieces at shops.

Inventory:

Hand Weapons
 a - a +6 falchion of electrocution (weapon)
 b - a +0 dagger of venom
 c - a +3 war axe
Missiles
 g - a throwing net (quivered)
 t - 60 poisoned darts
 N - 6 curare-tipped darts
Armour
 o - a +0 pair of boots (worn)
 q - a +0 cloak (worn)
 r - a +0 pair of gloves (worn)
Jewellery
 s - a ring of poison resistance (left hand)
 v - an uncursed ring of flight
 C - an uncursed ring of protection from fire {unknown}
 H - a ring of protection from magic (right hand)
 I - an amulet of regeneration (around neck)
 J - a +6 ring of intelligence
 P - an uncursed ring of protection from magic
Wands
 f - a wand of digging (3)
 k - a wand of acid (2)
 A - a wand of iceblast (7)
 F - a wand of flame (12)
 K - a wand of polymorph (7)
Scrolls
 d - 3 scrolls of fear
 h - 3 scrolls of amnesia {unknown}
 j - 3 scrolls of blinking {unknown}
 m - 9 scrolls of teleportation
 w - a scroll of enchant armour
 y - 4 scrolls of fog
 D - 5 scrolls of enchant weapon {unknown}
 E - a scroll of immolation
 G - 13 scrolls of remove curse
 M - 3 scrolls of magic mapping
 R - a scroll of identify
Potions
 e - 2 potions of haste
 i - 4 potions of flight
 l - 3 potions of magic
 n - 3 potions of brilliance
 p - 4 potions of resistance
 u - 2 potions of cancellation
 x - 2 potions of might
 z - a potion of berserk rage
 B - 8 potions of curing
 L - 2 potions of mutation
Books
 Q - a manual of Fighting
Miscellaneous
 O - a tin of tremorstones (3/3)
 S - a phial of floods


   Skills:
 + Level 13.7 Fighting
 - Level 9.0 Axes
 + Level 11.1 Dodging
 - Level 4.5 Stealth
 + Level 3.3 Spellcasting
 + Level 9.9 Invocations


You had 17 spell levels left.
You didn't know any spells.
Your spell library contained the following spells:

 Spells                   Type           Power        Failure   Level
 Corona                   Hex            #......      26%         1
 Ensorcelled Hibernation  Hex/Ice        #.....       36%         2
 Confusing Touch          Hex            #.......     61%         3
 Dazzling Flash           Conj/Hex       #.....       61%         3
 Gell's Gravitas          Tloc           #.........   61%         3
 Tukima's Dance           Hex            #.......     61%         3
 Petrify                  Tmut/Erth      #.......     95%         4
 Metabolic Englaciation   Hex/Ice        #.........   100%        5
 Yara's Violent Unravell  Hex/Tmut       #.........   100%        5


Dungeon Overview and Level Annotations

Branches:
Dungeon (10/15)            Temple (1/1) D:5            Lair (4/6) D:8
  Swamp (0/4) Lair:2       Spider (0/4) Lair:4
    Orc: D:9-12

Altars:
Ashenzari
Cheibriados
Dithmenos
Elyvilon
Fedhas
Gozag
Hepliaklqana
Kikubaaqudgha
Makhleb
Nemelex Xobeh
Okawaru
Qazlal
Ru
Sif Muna
Trog
Uskayaw
Vehumet
Wu Jian
Xom
Yredelemnul
Zin
The Shining One

Annotations:
Lair:4 Mandevil's ghost, adept VSWn


Innate Abilities, Weirdness & Mutations

You can breathe blasts of fire.
Your fiery red scales are hard. (AC +8)
You cannot fit into any form of body armour.
Your flesh is heat resistant. (rF+)
You are cold-blooded and may be slowed by cold attacks.


Message History

The +6 war axe "Addiedij" {chaos, +Rage Dex+4} is engulfed in blazing flames.
The +6 war axe "Addiedij" {chaos, +Rage Dex+4} hits you.
* * * LOW HITPOINT WARNING * * *
You feel yourself slow down.
Unknown command.
You hit the +6 war axe "Addiedij" {chaos, +Rage Dex+4}.
The +6 war axe "Addiedij" {chaos, +Rage Dex+4} is moderately damaged.
The +6 war axe "Addiedij" {chaos, +Rage Dex+4} hits you!
* * * LOW HITPOINT WARNING * * *
The +6 war axe "Addiedij" {chaos, +Rage Dex+4} burns you.
* * * LOW HITPOINT WARNING * * *
Unknown command.
You slash the +6 war axe "Addiedij" {chaos, +Rage Dex+4}!
The +6 war axe "Addiedij" {chaos, +Rage Dex+4} is heavily damaged.
The +6 war axe "Addiedij" {chaos, +Rage Dex+4} hits you!!
* * * LOW HITPOINT WARNING * * *
You are electrocuted!!
* * * LOW HITPOINT WARNING * * *
The +6 war axe "Addiedij" {chaos, +Rage Dex+4} hits you!
You die...

..##.#.##.#...##....##. ## .
#########.#..P#.....#. .
###.##. ##...........
..##....#. #..........
.......... ##...##...#
.......... #...####..#
........†. #...##.#..##
.....(..## ##..##††...#
....#.#.<. #......@...#
..........
..........##(##......#....8.
..........#)W$# ....#...####
..#.....#####.## #....# .
##...## ## ...# #... ...
#.... .. .....


You could see a +6 war axe "Addiedij" {chaos, +Rage Dex+4} and Mandevil's ghost.

Vanquished Creatures
  Josephine (D:10)
  The ghost of loom the Thrower, a journeyman TrFi of Okawaru (D:8)
  4 hydras
  6 death yaks
  An unseen horror (D:10)
  A black mamba (Lair:4)
  5 cane toads
  A komodo dragon (Lair:3)
  2 trolls
  A polar bear (Lair:4)
  2 hornets
  4 hippogriffs
  14 yaks
  Eustachio (D:4)
  4 wraiths (D:10)
  2 vampire mosquitoes (D:10)
  3 wargs (D:8)
  3 swamp worms (Lair:2)
  3 water moccasins
  4 porcupines
  A sky beast (D:6)
  2 ice beasts
  2 necrophages
  An orc warrior (D:8)
  3 ogres
  17 wolves
  2 centaurs
  5 crocodiles
  2 big kobolds
  11 bullfrogs
  5 scorpions
  3 wights (D:6)
  2 howler monkeys (D:5)
  A centaur zombie (D:5)
  9 hounds
  4 jellies
  15 orc wizards
  A gnoll shaman (D:6)
  5 orc priests
  A centaur skeleton (D:8)
  3 bullfrog skeletons
  4 iguanas
  6 worker ants
  2 hound skeletons
  A worker ant zombie (D:9)
  13 gnolls
  A howler monkey skeleton (D:4)
  16 adders
  A shadow imp (D:7)
  A white imp (D:10)
  2 ufetubi (D:5)
  An adder zombie (D:4)
  4 adder skeletons
  10 worms
  2 dart slugs
  4 leopard geckos
  38 orcs
  5 giant cockroaches
  2 goblins
  4 hobgoblins
  9 jackals
  15 kobolds
  8 quokkas
  A ball python (D:4)
  6 bats
  5 frilled lizards
  A leopard gecko skeleton (D:6)
  A leopard gecko zombie (D:3)
  5 rats
326 creatures vanquished.

Vanquished Creatures (others)
  A fungus (Lair:2)
  A plant (Lair:4)
2 creatures vanquished.

Grand Total: 328 creatures vanquished

Notes
Turn   | Place    | Note
-------+----------+-------------------------------------------
     0 | D:5      | fly the Draconian Delver began the quest for the Orb.
     0 | D:5      | Reached XP level 1. HP: 19/19 MP: 1/1
    66 | D:5      | Found a staircase to the Ecumenical Temple.
    70 | D:5      | Noticed a hound
    96 | D:5      | Reached XP level 2. HP: 23/26 MP: 2/2
   174 | Temple   | Entered the Ecumenical Temple
   712 | D:4      | Found a transporter.
   716 | D:4      | Found a transporter.
   726 | D:4      | Found a sparkling altar of Nemelex Xobeh.
   951 | D:3      | Reached XP level 3. HP: 20/31 MP: 3/3
  2365 | D:2      | Reached XP level 4. HP: 31/38 MP: 4/4
  2841 | D:2      | Found a shadowy altar of Dithmenos.
  3070 | D:2      | Reached skill level 5 in Axes
  3319 | D:2      | Reached XP level 5. HP: 39/45 MP: 5/5
  3842 | D:3      | Found a snail-covered altar of Cheibriados.
  3887 | D:3      | Found a glowing golden altar of the Shining One.
  3931 | D:3      | Became a worshipper of the Shining One
  4457 | D:4      | Noticed Eustachio
  4474 | D:4      | Killed Eustachio
  4474 | D:4      | Reached XP level 6. HP: 25/51 MP: 6/6
  5103 | D:4      | Your scales start taking on a fiery red colour.
  5103 | D:4      | Reached XP level 7. HP: 55/57 MP: 7/7
  5103 | D:4      | Gained mutation: Your flesh is heat resistant. (rF+) [Red
                  | Draconian growth]
  5429 | D:4      | Found a shattered altar of Ashenzari.
  5945 | D:5      | Reached * piety under the Shining One
  6177 | D:5      | Reached skill level 1 in Invocations
  6277 | D:5      | Reached XP level 8. HP: 64/66 MP: 9/9
  6299 | D:5      | Reached skill level 4 in Fighting
  6647 | D:6      | Reached ** piety under the Shining One
  6686 | D:6      | Reached skill level 5 in Fighting
  7151 | D:6      | Found a shimmering altar of Xom.
  7206 | D:6      | Found a bloodstained altar of Trog.
  7208 | D:6      | Found a hazy altar of Hepliaklqana.
  7343 | D:6      | Reached XP level 9. HP: 75/75 MP: 12/12
  7564 | D:7      | Reached skill level 6 in Fighting
  7597 | D:7      | Reached skill level 5 in Invocations
  7887 | D:7      | Found a white marble altar of Elyvilon.
  7954 | D:7      | Reached skill level 5 in Dodging
  8525 | D:8      | Reached skill level 7 in Fighting
  8609 | D:8      | Found a staircase to the Lair.
  8936 | D:8      | Found a stormy altar of Qazlal.
  9013 | D:8      | Noticed loom's ghost (journeyman TrFi)
  9016 | D:8      | Found a runed translucent door.
  9027 | D:8      | Found a blossoming altar of Fedhas.
  9044 | D:8      | Killed loom's ghost
  9044 | D:8      | Reached skill level 8 in Fighting
  9044 | D:8      | Reached XP level 10. HP: 36/87 MP: 15/15
  9477 | D:9      | Found a sacrificial altar of Ru.
  9575 | D:9      | Found a hide-covered altar of Uskayaw.
  9577 | D:9      | Noticed a +0 hand axe
  9577 | D:9      | Noticed a +0 dagger
  9638 | D:9      | Found Zin's Purification Station.
  9641 | D:9      | Found a glowing silver altar of Zin.
  9646 | D:9      | Bought a potion of curing for 90 gold pieces
 10239 | D:10     | Entered Level 10 of the Dungeon
 10381 | D:10     | Noticed an unseen horror
 10386 | D:10     | Killed an unseen horror
 10386 | D:10     | Reached skill level 9 in Fighting
 10725 | D:10     | Noticed Josephine
 10728 | D:10     | Reached *** piety under the Shining One
 10732 | D:10     | Killed Josephine
 10732 | D:10     | Reached skill level 10 in Fighting
 10732 | D:10     | Reached XP level 11. HP: 94/98 MP: 17/17
 11359 | Lair:1   | Entered Level 1 of the Lair of Beasts
 11387 | Lair:1   | Noticed a four-headed hydra
 11393 | Lair:1   | Killed a four-headed hydra
 11966 | Lair:2   | Reached skill level 11 in Fighting
 12599 | Lair:2   | Noticed an eight-headed hydra
 12617 | Lair:2   | Killed an eight-headed hydra
 12696 | Lair:2   | Noticed a five-headed hydra
 12710 | Lair:2   | Killed a five-headed hydra
 12710 | Lair:2   | Reached skill level 12 in Fighting
 12710 | Lair:2   | Reached skill level 10 in Dodging
 12887 | Lair:2   | Found a staircase to the Swamp.
 13549 | Lair:3   | Reached XP level 12. HP: 112/112 MP: 18/18
 13886 | Lair:3   | Identified a scroll of acquirement
 13887 | Lair:3   | Acquired a manual of Fighting
 14320 | Lair:4   | Found a hole to the Spider Nest.
 14387 | Lair:4   | Noticed an eight-headed hydra
 14387 | Lair:4   | Reached **** piety under the Shining One
 14455 | Lair:4   | Killed an eight-headed hydra
 14455 | Lair:4   | Reached skill level 1 in Spellcasting
 14520 | Lair:4   | Noticed a death yak
 14520 | Lair:4   | Noticed a death yak
 14521 | Lair:4   | Noticed a death yak
 14521 | Lair:4   | Noticed a death yak
 14521 | Lair:4   | Noticed a death yak
 14528 | Lair:4   | Noticed a death yak
 14550 | Lair:4   | Killed a death yak
 14550 | Lair:4   | Reached skill level 13 in Fighting
 14586 | Lair:3   | Killed a death yak
 14699 | Lair:4   | Noticed a five-headed hydra
 14731 | Lair:3   | Killed a death yak
 14756 | Lair:3   | Killed a death yak
 14793 | Lair:3   | Killed a death yak
 14911 | Lair:4   | Killed a death yak
 14986 | Lair:4   | Found a runed translucent door.
 14989 | Lair:4   | Found a shimmering altar of Xom.
 14989 | Lair:4   | Noticed Mandevil's ghost (adept VSWn)
 14990 | Lair:4   | Identified the +6 war axe "Addiedij" {chaos, +Rage Dex+4}
 15027 | Lair:4   | HP: 1/174 [+6 war axe "Addiedij" {chaos, +Rage Dex+4} (19)]
 15027 | Lair:4   | Mangled by a +6 war axe "Addiedij" {chaos, +Rage Dex+4}

Illustrated notes

Levels and vault maps discovered:
D:1:      minmay_arrival_glassed_features, layout_basic
D:2:      layout_loops_corners, overflow_temple_1_default
D:3:      layout_basic, marbit_many_paths, lemuel_crystal_altar
D:4:      minmay_clustersquares, layout_loops_ring,
          gammafunk_temple_overflow_arena, evilmike_ruin_ashenzari,
          uniq_eustachio
D:5:      minmay_razor_zed, layout_basic, minmay_temple_entry_large_hall,
          feat_on_display
D:6:      layout_gridville, chequers_temple_overflow_statue_of_worship,
          brannock_xom_greatest_gift
D:7:      layout_cave_pods, lemuel_doored_altar
D:8:      layout_loops_cross, kennysheep_little_box, erik_lair_orcish_takeover,
          hellmonk_ghost_happy_afterlife, corner_web_ring, grunt_qazlal_clouds
D:9:      layout_stronghold, zin_purify, lemuel_crystal_altar,
          dancing_weapons_uskayaw
D:10:     layout_irregular_city, uniq_josephine
Temple:   jpeg_temple_island
Lair:1:   layout_hall_layers
Lair:2:   layout_regular_city, palyth_hydra_swamp_entry, st_stairs_8
Lair:3:   beast_lair_carwin_large_3, layout_concentric_octagons,
          grunt_megastairs_2
Lair:4:   layout_small_grid, nicolae_spider_entry_non_spiders,
          ebering_ghost_xom, basic_altar, grunt_megastairs_5

Skill      XL: |  1  2  3  4  5  6  7  8  9 10 11 12 |
---------------+-------------------------------------+-----
Axes           | 3 4 5 6 7 9 |  9.0
Dodging        | 2 4 6 8 10 11 | 11.1
Invocations    | 1 4 7 9 |  9.9
Fighting       | 5 8 10 12 13 | 13.7
Spellcasting   | 3 |  3.3
Stealth        | |  4.5

Action                   |  1- 3 |  4- 6 |  7- 9 | 10-12 || total
-------------------------+-------+-------+-------+-------++-------
Melee: Hand axe          |   129 |   144 |       |       ||   273
       Tailslap          |    12 |    21 |    36 |    50 ||   119
       Falchion          |       |    26 |   218 |   255 ||   499
       War axe           |       |       |     7 |       ||     7
Throw: Stone             |    29 |    51 |       |       ||    80
       Throwing net      |       |     1 |       |       ||     1
       Dart              |       |       |     8 |       ||     8
 Abil: Breathe Fire      |       |       |    13 |    43 ||    56
Evoke: Wand              |       |     2 |       |     7 ||     9
  Use: Scroll            |       |       |    13 |     8 ||    21
       Potion            |       |       |       |     4 ||     4
 Stab: Sleeping          |     6 |     3 |       |       ||     9
Armor: Skin              |    27 |    36 |    89 |    66 ||   218
Dodge: Dodged            |    92 |   107 |   252 |   319 ||   770
       Rpst.: Falchion   |       |     5 |    73 |    98 ||   176

Table legend: (Time is in decaauts)
 A = Elapsed time spent in this place.
 B = Non-inter-level travel time spent in this place.
 C = Inter-level travel time spent in this place.
 D = Time resting spent in this place.
 E = Time spent auto-exploring this place.
 F = Levels seen in this place.
 G = Mean time per level.
                   A        B        C        D        E       F      G
               +--------+--------+--------+--------+--------+-----+--------+
         Total |  15254 |  14586 |    668 |   1817 |   9645 |  15 | 1016.9 |
       Dungeon |  11239 |  10755 |    484 |   1263 |   7090 |  10 | 1123.9 |
        Temple |    282 |    263 |     19 |      0 |    262 |   1 |  282.0 |
          Lair |   3732 |   3568 |    164 |    554 |   2293 |   4 |  933.0 |
               +--------+--------+--------+--------+--------+-----+--------+
